 Dungeon Crawl Stone Soup version 0.23-a0-417-gf02c810438 (webtiles) character file.

154 Eqeqeq the Cudgeler (level 5, 0/45 HPs)
             Began as a Draconian Warper on Nov 10, 2018.
             Slain by a phantom (7 damage)
             ... on level 5 of the Dungeon.
             The game lasted 00:05:54 (2902 turns).

Eqeqeq the Cudgeler (Draconian Warper)              Turns: 2902, Time: 00:05:55

Health: 0/45       AC:  6    Str: 11 (14) XL:     5   Next: 13%
Magic:  6/8        EV: 15    Int: 13 (14) God:
Gold:   188        SH:  0    Dex:  7 (10) Spells: 3/8 levels left

rFire    + . .     SeeInvis .   a - +0 mace
rCold    . . .     Gourm    .   (no shield)
rNeg     . . .     Faith    .   (armour unavailable)
rPois    .         Spirit   .   (helmet restricted)
rElec    .         Reflect  .   (no cloak)
rCorr    .         Harm     .   (no gloves)
MR       .....                  i - +0 pair of boots
Stlth    +.........             (no amulet)
HPRegen  0.15/turn              m - +3 ring of evasion
MPRegen  0.11/turn              g - ring of protection from fire

@: no status effects
A: unfitting armour, beak, cold-blooded, MP-powered wands, AC +5
a: no special abilities


You were on level 5 of the Dungeon.
You were not hungry.

You visited 1 branch of the dungeon, and saw 5 of its levels.

You collected 188 gold pieces.

Inventory:

Hand Weapons
 a - a +0 mace (weapon)
Missiles
 d - 5 tomahawks of dispersal (quivered)
Armour
 i - a +0 pair of boots (worn)
Magical Staves
 t - an uncursed staff of wizardry
Jewellery
 g - a ring of protection from fire (right hand)
 m - a +3 ring of evasion (left hand)
Scrolls
 b - a scroll of noise {unknown}
 c - a scroll of blinking
 h - a scroll of fog {unknown}
 j - 2 scrolls of teleportation {unknown}
 k - 2 scrolls of identify
 l - a scroll of random uselessness {unknown}
 n - a scroll of remove curse
 o - a scroll of enchant weapon {unknown}
 q - a scroll of magic mapping {unknown}
 s - a scroll of enchant armour {unknown}
Comestibles
 f - 5 rations
 p - 3 chunks of flesh


   Skills:
 + Level 3.2 Fighting
 * Level 3.7 Maces & Flails
 - Level 1.0 Throwing
 + Level 3.0 Dodging
 - Level 2.0 Spellcasting
 + Level 3.5 Translocations


You had 3 spell levels left.
You knew the following spells:

 Your Spells              Type           Power        Failure   Level  Hunger
a - Blink                 Tloc           N/A          9%          2    ###....
b - Gell's Gravitas       Tloc           ##........   17%         3    ####...

Your spell library contained the following spells:

 Spells                   Type           Power        Failure   Level  Hunger
 Lesser Beckoning         Tloc           ##........   17%         3    ####...
 Teleport Other           Tloc           ##......     17%         3    ####...
 Shroud of Golubria       Chrm/Tloc      #.........   19%         2    ###....
 Passage of Golubria      Tloc           N/A          50%         4    #####..


Dungeon Overview and Level Annotations

Branches:
Dungeon (5/15)
 Temple: D:4-7

Altars:
Elyvilon

Annotations:
D:4 Blork the orc, Edmund


Innate Abilities, Weirdness & Mutations

Your plain brown scales are hard. (AC +5)
You cannot fit into any form of body armour.
You are cold-blooded and may be slowed by cold attacks.
You have a beak for a mouth.
You expend magic power (3 MP) to strengthen your wands.


Message History

e - a javelin The phantom blinks!
You see here a javelin.
e - 2 javelins (gained 1) Throwing (i - inventory. (/) - cycle)
e - 2 javelins (quivered)
Press: ? - help, Shift-Dir - straight line, f/p - phantom
Aim: a phantom (severely damaged)
You throw a javelin. The javelin misses the phantom.
Throwing (i - inventory. (/) - cycle)
e - a javelin (quivered)
Press: ? - help, Shift-Dir - straight line, f/p - phantom
Aim: a phantom (severely damaged)
You throw a javelin. The javelin closely misses the phantom.
You sock the phantom!
The phantom is almost destroyed.
The phantom barely misses you.
You barely miss the phantom. Your peck misses the phantom.
Your tail-slap misses the phantom.
The phantom is almost destroyed.
The phantom hits you!
You die...

....#.....#.....# ......
...##.....#.....#######......
...##.....#..................
..........#............#####
..........#............#
...##.....#............#
...##.....#............#
....#.....#.>..........###
...<#.....#.....@W.....(..
....#.....#..$....(.......
....#.....#.......(>......
....'.....#...............
##'########...............
...# ....########+#### ...#
..... ...# ..... ...+


You could see a phantom.

Vanquished Creatures
  A crimson imp (D:2)
  An orc priest (D:3)
  An adder (D:3)
  An ooze (D:1)
  A worm (D:3)
  4 leopard geckos
  9 orcs
  A ball python (D:1)
  2 giant cockroaches
  4 goblins
  3 hobgoblins
  5 jackals
  8 kobolds
  A quokka (D:2)
  9 bats
  4 frilled lizards
  5 rats
  14 toadstools (D:1)
74 creatures vanquished.

Vanquished Creatures (others)
  A kobold (D:2)
1 creature vanquished.

Grand Total: 75 creatures vanquished

Notes
Turn   | Place    | Note
-------+----------+-------------------------------------------
     0 | D:1      | Eqeqeq the Draconian Warper began the quest for the Orb.
     0 | D:1      | Reached XP level 1. HP: 17/17 MP: 3/3
   386 | D:1      | Reached skill level 1 in Throwing
   601 | D:1      | Reached XP level 2. HP: 22/25 MP: 5/5
   608 | D:1      | Learned a level 2 spell: Blink
  1133 | D:1      | Reached XP level 3. HP: 25/30 MP: 6/6
  1409 | D:2      | Learned a level 3 spell: Gell's Gravitas
  1498 | D:2      | Found a white marble altar of Elyvilon.
  1959 | D:2      | Reached XP level 4. HP: 27/37 MP: 7/7
  2253 | D:3      | HP: 1/38 [orc priest/divine providence (14)]
  2365 | D:3      | Found a faded altar of an unknown god.
  2424 | D:3      | Reached XP level 5. HP: 45/45 MP: 8/8
  2531 | D:4      | Noticed Edmund
  2567 | D:4      | Noticed Blork the orc
  2670 | D:3      | Gained mutation: You have a beak for a mouth. [potion of
                  | mutation]
  2670 | D:3      | Gained mutation: You expend magic power (3 MP) to
                  | strengthen your wands. [potion of mutation]
  2684 | D:5      | Entered Level 5 of the Dungeon
  2860 | D:5      | Noticed a phantom
  2902 | D:5      | Slain by a phantom

Vault maps used:
D:1:      nagdon_arrival_zigzag_paths, chequers_serial_rivers_micro_a,
          minmay_misc_feat_plants
D:2:      elyvilon_altar_4
D:3:      first_ration, chequers_ecumenical_altar_island
D:4:      old_standard_altar, chequers_temple_overflow_minitemple, serial_shops,
          shop, ebering_ghost_sewer_d, abandoned_shop, grunt_decor_mini_mirrors,
          uniq_blork_the_orc, uniq_edmund
D:5:      minivault_26

Skill      XL: |  1  2  3  4  5 |
---------------+----------------+-----
Throwing       | 1 |  1.0
Maces & Flails | 3 |  3.7
Fighting       | 3 |  3.2
Dodging        | 3 |  3.0
Spellcasting   | |  2.0
Translocations | |  3.5

Action                   |  1- 3 |  4- 6 || total
-------------------------+-------+-------++-------
Melee: Mace              |   159 |   119 ||   278
       Tailslap          |    11 |    10 ||    21
       Peck              |       |     4 ||     4
Throw: Javelin           |       |     7 ||     7
 Cast: Blink             |       |     2 ||     2
  Use: Potion            |       |     4 ||     4
       Scroll            |       |     2 ||     2
 Stab: Sleeping          |     1 |       ||     1
  Eat: Chunk             |     2 |     5 ||     7
Armor: Skin              |    52 |    12 ||    64
Dodge: Dodged            |   114 |   129 ||   243

Table legend:
 A = Non-vault XP
 B = Vault XP
 C = Vault XP percentage of total XP
 D = Non-vault monster count
 E = Vault monster count
 F = Vault count percentage of total count
                 A         B        C        D         E       F
            +---------+---------+-------+---------+---------+-------
      Total |     218 |       2 |   0.9 |      59 |       1 |   1.7
            +---------+---------+-------+---------+---------+-------
        D:1 |      47 |       0 |   0.0 |      26 |       0 |   0.0
        D:2 |      62 |       2 |   3.1 |       8 |       1 |  11.1
        D:3 |      85 |       0 |   0.0 |      16 |       0 |   0.0
        D:4 |       9 |       0 |   0.0 |       4 |       0 |   0.0
        D:5 |      15 |       0 |   0.0 |       5 |       0 |   0.0
            +---------+---------+-------+---------+---------+-------
